 Dungeon Crawl Stone Soup version 0.24.0-125-gc4c63601f3 (webtiles) character file.

Game seed: 14628466759164492700, levelgen mode: deterministic

2233 CrazyMind the Slasher (level 9, -3/68 HPs)
             Began as a Human Fighter on Mar 1, 2020.
             Slain by a killer bee (8 damage)
             ... on level 6 of the Dungeon.
             The game lasted 00:34:39 (6760 turns).

CrazyMind the Slasher (Human Fighter)               Turns: 6760, Time: 00:34:39

Health: -3/68      AC:  9    Str: 21    XL:     9   Next: 62%
Magic:  18/18      EV:  9    Int:  8    God:
Gold:   267        SH: 10    Dex: 12    Spells: 8/8 levels left

rFire    . . .     SeeInvis .   a - +1 long sword
rCold    . . .     Gourm    .   c - +0 shield
rNeg     . . .     Faith    .   b - +0 scale mail
rPois    .         Spirit   .   (no helmet)
rElec    .         Reflect  .   (no cloak)
rCorr    .         Harm     .   s - +1 pair of gloves
MR       .....                  (no boots)
Stlth    +.........             e - amulet of the acrobat
HPRegen  0.21/turn              r - ring of stealth
MPRegen  0.16/turn              u - ring of magical power

@: lethally poisoned (-3 -> -32)
A: no striking features
a: no special abilities


You were on level 6 of the Dungeon.
You were very hungry.

You visited 1 branch of the dungeon, and saw 7 of its levels.
You also visited: Sewer.

You collected 267 gold pieces.

Inventory:

Hand Weapons
 a - a +1 long sword (weapon)
 n - a +5 dagger of holy wrath
Missiles
 h - 265 stones
 t - 16 poisoned darts
 v - 3 boomerangs (quivered)
Armour
 b - a +0 scale mail (worn)
 c - a +0 shield (worn)
 s - a +1 pair of gloves (worn)
Jewellery
 e - an amulet of the acrobat (around neck)
 q - an uncursed amulet of regeneration
 r - a ring of stealth (left hand)
 u - a ring of magical power (right hand)
Wands
 j - a wand of flame (6)
Scrolls
 i - a scroll of enchant weapon
 k - 5 scrolls of identify
 l - a scroll of enchant armour
 m - a scroll of blinking
 o - 7 scrolls of teleportation
 p - a scroll of magic mapping {unknown}
 x - a scroll of amnesia
Potions
 z - a potion of flight
Comestibles
 f - 8 rations


   Skills:
 + Level 5.2 Fighting
 + Level 7.2 Long Blades
 + Level 5.0 Throwing
 + Level 5.5 Armour
 + Level 3.0 Dodging
 + Level 5.4 Shields


You had 8 spell levels left.
You didn't know any spells.
Your spell library contained the following spells:

 Spells                   Type           Power        Failure   Level  Hunger
 Magic Dart               Conj           #...         98%         1    ##.....
 Blink                    Tloc           N/A          99%         2    ###....
 Call Imp                 Summ           #.......     99%         2    ###....
 Slow                     Hex            #.......     99%         2    ###....
 Conjure Flame            Conj/Fire      #.......     100%        3    ####...
 Mephitic Cloud           Conj/Pois/Air  #.......     100%        3    ####...


Dungeon Overview and Level Annotations

Branches:
Dungeon (7/15)             Temple (0/1) D:7           Sewer (visited)

Altars:
Dithmenos
Nemelex Xobeh

Shops:
D:4 }

Annotations:
D:6 Sigmund


Message History

The killer bee stings you.
* * * LOW HITPOINT WARNING * * *
You are more poisoned.
The killer bee poisons you!
Unknown command.
You are lethally poisoned (11 -> -9).
Your movement speed is average.
Your attack speed is below average (and is slowed by your insufficient shield skill).
Okay, then.
Okay, then.
Sorry, you're not good enough to have a special ability.
As you read the scroll labeled SATAIN QELESM, it crumbles to dust.
You feel blessed for a moment.
It was a scroll of remove curse.
* * * LOW HITPOINT WARNING * * *
You feel sick. The killer bee stings you.
* * * LOW HITPOINT WARNING * * *
You are more poisoned.
The killer bee poisons you!
The killer bee stings you but does no damage. x2
The killer bee stings you!
You die...

##.## ##.....##
#........ ###
#.......## ##.......
#........# #.......
##........## ##......
#..........# #....##
#..........## ######
.### #...........#
....## ##...........##
......###..#.@y.......#
#
.......#..###.y.......#
##### #.......##
##.......## #....
##......##
##.......####.#..
#.......##
##........#.....
#........##
##...#..|..###.
#.........##
######..#.#.#.
##.........# #.....#.#)
#...).....# #.#....)..


You could see 2 killer bees.

Vanquished Creatures
  Pikel (D:5)
  Eustachio (D:6)
  Purgy (Sewer)
  2 sky beasts
  A phantom (D:5)
  4 slaves (D:5)
  An ogre (D:5)
  A centaur (D:5)
  2 bullfrogs (D:6)
  A water moccasin skeleton (D:6)
  A scorpion (D:5)
  A wyvern skeleton (D:6)
  2 killer bees (D:6)
  A howler monkey (D:5)
  A crimson imp (D:6)
  2 hounds
  An orc priest (D:6)
  An orc wizard (D:3)
  A gnoll shaman (D:3)
  A jelly (D:5)
  Ijyb (D:5)
  3 iguanas
  4 worker ants
  2 hound skeletons
  9 gnolls
  6 adders
  A howler monkey skeleton (D:5)
  An adder skeleton (D:4)
  2 worms
  2 dart slugs
  5 leopard geckos
  10 orcs (D:3)
  2 ball pythons
  A bat (D:3)
  2 giant cockroaches
  3 goblins
  10 hobgoblins
  9 jackals
  3 quokkas
  9 frilled lizards
  8 kobolds
  A leopard gecko skeleton (D:5)
  7 rats
128 creatures vanquished.

Notes
Turn   | Place    | Note
-------+----------+-------------------------------------------
     0 | D:1      | CrazyMind the Human Fighter began the quest for the Orb.
     0 | D:1      | Reached XP level 1. HP: 18/18 MP: 1/1
   167 | D:1      | Reached XP level 2. HP: 19/24 MP: 2/2
   693 | D:2      | Reached XP level 3. HP: 26/29 MP: 3/3
  1376 | D:3      | Reached XP level 4. HP: 35/35 MP: 4/4
  1427 | D:3      | Reached skill level 1 in Throwing
  1512 | D:3      | Reached skill level 3 in Long Blades
  1512 | D:3      | Reached XP level 5. HP: 39/41 MP: 5/5
  2007 | D:3      | Found a shadowy altar of Dithmenos.
  2562 | D:4      | Reached skill level 1 in Dodging
  2562 | D:4      | Reached XP level 6. HP: 42/47 MP: 6/6
  2644 | D:4      | Found Jeerph's Gadget Shop.
  2998 | D:4      | Found a sparkling altar of Nemelex Xobeh.
  3180 | D:3      | Reached skill level 4 in Long Blades
  3566 | D:4      | Reached XP level 7. HP: 53/53 MP: 7/7
  3615 | D:5      | Entered Level 5 of the Dungeon
  4022 | D:5      | Found a glowing drain.
  4028 | D:5      | Noticed Ijyb
  4031 | Sewer    | Entered a sewer
  4069 | Sewer    | Noticed Purgy
  4103 | Sewer    | Killed Purgy
  4420 | D:5      | Killed Ijyb
  4420 | D:5      | Reached skill level 5 in Long Blades
  4451 | D:5      | Reached XP level 8. HP: 46/60 MP: 8/8
  4901 | D:5      | Noticed Pikel
  4935 | D:5      | Killed Pikel
  4935 | D:5      | Reached skill level 6 in Long Blades
  4935 | D:5      | Reached skill level 5 in Armour
  4935 | D:5      | Reached skill level 5 in Shields
  4935 | D:5      | Reached XP level 9. HP: 59/67 MP: 9/9
  5451 | D:6      | Noticed Sigmund
  5888 | D:7      | Found a staircase to the Ecumenical Temple.
  6052 | D:6      | Noticed Eustachio
  6069 | D:6      | Killed Eustachio
  6069 | D:6      | Reached skill level 5 in Fighting
  6355 | D:6      | Reached skill level 7 in Long Blades
  6515 | D:6      | Reached skill level 5 in Throwing
  6760 | D:6      | Slain by a killer bee

Levels and vault maps discovered:
D:1:      minmay_arrival_pointy, layout_rooms
D:2:      layout_rooms
D:3:      layout_loops_cross, first_ration, grunt_decor_arrowhead,
          nicolae_dithmenos_shadow_blocks
D:4:      layout_basic, nemelex_altar_shiori, serial_shops, shop,
          minmay_crystal_room
D:5:      layout_cave_pods, cheibrodos_sewer_entry_drain, uniq_ijyb, uniq_pikel
D:6:      layout_cave_pods, minmay_fractal_squares_5, uniq_eustachio,
          uniq_sigmund
D:7:      layout_layer_cave, minmay_temple_entry_statues_fountains

Skill      XL: |  1  2  3  4  5  6  7  8  9 |
---------------+----------------------------+-----
Throwing       | 1 2 4 5 |  5.0
Long Blades    | 3 4 5 6 7 |  7.2
Dodging        | 1 2 3 |  3.0
Shields        | 4 5 |  5.4
Armour         | 4 5 |  5.5
Fighting       | 4 5 |  5.2

Action                   |  1- 3 |  4- 6 |  7- 9 || total
-------------------------+-------+-------+-------++-------
Melee: Long sword        |    98 |   194 |   285 ||   577
Throw: Stone             |    91 |    55 |    56 ||   202
       Boomerang         |       |    13 |    50 ||    63
  Use: Potion            |       |     1 |     7 ||     8
       Scroll            |       |       |    11 ||    11
  Eat: Chunk             |     2 |     7 |    10 ||    19
Armor: Scale mail        |    33 |    69 |   134 ||   236
Dodge: Dodged            |    19 |    77 |   126 ||   222
Block: Shield            |    40 |   116 |   138 ||   294
       Rpst.: Long sword |     6 |    25 |    40 ||    71
